 Dungeon Crawl Stone Soup version 0.28.0 (webtiles) character file.

Game seed: 958786860616653744

913 Destapler the Skirmisher (level 7, -1/78 HPs)
             Began as a Demonspawn Hedge Wizard on Feb 9, 2022.
             Was a Believer of Dithmenos.
             Slain by Ijustatesigmund's ghost (5 damage)
             ... on level 4 of the Dungeon.
             The game lasted 00:35:55 (9202 turns).

Destapler the Skirmisher (Demonspawn Hedge Wizard)  Turns: 9202, Time: 00:35:56

Health: -1/78      AC: 27    Str: 10    XL:     7   Next: 82%
Magic:  10/11      EV:  2    Int: 17    God:    Dithmenos [**....]
Gold:   225        SH:  4    Dex: 15    Spells: 8/12 levels left

rFire   . . .      SeeInvis .   j - +1 dagger (speed)
rCold   . . .      Faith    .   (no shield)
rNeg    . . .      Spirit   .   (armour currently unavailable)
rPois   +          Reflect  .   (helmet currently unavailable)
rElec   .          Harm     .   (cloak currently unavailable)
rCorr   .          Rampage  .   (gloves currently unavailable)
Will    .....      NoTele   +   (boots currently unavailable)
Stlth   +++.......              p - amulet of magic regeneration
HPRegen 0.23/turn               i - +4 ring of protection
MPRegen 0.52/turn               (no ring)

@: tree-form, wreathed by umbra, invisible
A: stationary, stasis, torment immunity, boosted hp, powered by pain 2,
condensation shield, (weakness stinger 2), (talons 1), agile 1, (poison
resistance), MP-powered wands
a: Renounce Religion, Shadow Step


You were on level 4 of the Dungeon.
You worshipped Dithmenos.
Dithmenos was pleased with you.
You were a tree.
You visited 1 branch of the dungeon, and saw 6 of its levels.

You collected 225 gold pieces.

Inventory:

Hand Weapons
 e - a +0 short sword of freezing
 j - a +1 dagger of speed (weapon)
Armour
 b - a +0 robe (melded)
 d - a +2 hat (melded)
 r - a +0 pair of gloves (melded)
 w - a +0 pair of boots (melded)
Jewellery
 i - a +4 ring of protection (left branch)
 p - an amulet of magic regeneration (around neck)
 u - a ring of flight
Wands
 h - a wand of charming (11)
Scrolls
 f - a scroll of enchant weapon {unknown}
 g - 4 scrolls of identify
 k - a scroll of fog {unknown}
 m - a scroll of fear {unknown}
 q - a scroll of summoning {unknown}
 s - a scroll of blinking {unknown}


   Skills:
 + Level 3.4 Fighting
 + Level 2.7 Short Blades
 + Level 2.5 Armour
 - Level 3.0 Dodging
 - Level 3.0 Stealth
 - Level 3.0 Spellcasting
 - Level 2.0 Conjurations
 + Level 2.6 Hexes
 - Level 2.0 Summonings
 + Level 2.6 Translocations
 - Level 3.0 Invocations


You had 8 spell levels left.
You knew the following spells:

 Your Spells              Type           Power      Damage    Failure   Level
a - Magic Dart            Conj           36%        1d4       8%          1
b - Slow                  Hex            44%        N/A       6%          1
B - Blink                 Tloc           22%        N/A       9%          2

Your spell library contained the following spells:

 Spells                   Type           Power      Damage    Failure   Level
 Call Imp                 Summ           9%         N/A       12%         2
 Confusing Touch          Hex            11%        N/A       17%         3
 Summon Guardian Golem    Hex/Summ       10%        N/A       21%         3
 Conjure Flame            Conj/Fire      6%         6-21      34%         3
 Mephitic Cloud           Conj/Pois/Air  4%         N/A       36%         3
 Ignite Poison            Fire/Tmut/Pois 2%         N/A       45%         3
 Iskenderun's Battlesphe  Conj           9%         2d6       91%         5
 Yara's Violent Unravell  Hex/Tmut       3%         3d4       95%         5
 Iron Shot                Conj/Erth      3%         9d2       100%        6
 Enfeeble                 Hex            5%         N/A       100%        7
 Orb of Destruction       Conj           4%         9d5       100%        7
 Spellforged Servitor     Conj/Summ      4%         N/A       100%        7


Dungeon Overview and Level Annotations

Branches:
Dungeon (6/15)
 Temple: D:4-7

Altars:
Dithmenos
Trog

Shops:
D:3 [

Annotations:
D:4 1 transporter, Ijustatesigmund's ghost, novice GrFi


Innate Abilities, Weirdness & Mutations

You are a tree.
Your roots penetrate the ground, keeping you stationary.
You cannot be teleported.
You are immune to unholy pain and torment.
Your maximum health is greatly increased.
Your equipment is partially melded.
You sometimes gain power by taking damage.
A meltable shield of frost defends you. (SH +4)
((You have a tail ending in a sharp stinger.))
((You have sharp toenails.))
You are agile. (Dex +2)
((Your system is resistant to poisons. (rPois)))
You expend magic power (3 MP) to strengthen your wands.


Message History

You hit Ijustatesigmund's ghost but do no damage.
Ijustatesigmund's ghost is lightly damaged.
You feel sick.
Ijustatesigmund's ghost is no longer moving slowly.
The gnoll zaps a wand.
The gnoll sergeant resists with some effort.
You catch the helpless Ijustatesigmund's ghost completely off-guard!
You hit Ijustatesigmund's ghost.
Ijustatesigmund's ghost is lightly damaged.
You barely miss Ijustatesigmund's ghost.
Ijustatesigmund's ghost is lightly damaged.
You feel sick.
You block Ijustatesigmund's ghost's attack.
You catch the helpless Ijustatesigmund's ghost completely off-guard!
You puncture Ijustatesigmund's ghost!
Ijustatesigmund's ghost is moderately damaged.
You feel sick. The gnoll hits you but does no damage.
You are more poisoned.
Ijustatesigmund's ghost hits you!
* * * LOW HITPOINT WARNING * * *
You catch the helpless Ijustatesigmund's ghost completely off-guard!
You hit Ijustatesigmund's ghost.
Ijustatesigmund's ghost is moderately damaged.
You feel sick.
You hit Ijustatesigmund's ghost but do no damage.
Ijustatesigmund's ghost is moderately damaged.
You feel sick. Ijustatesigmund's ghost hits you!
* * * LOW HITPOINT WARNING * * *
You hit Ijustatesigmund's ghost.
Ijustatesigmund's ghost is moderately damaged.
* * * LOW HITPOINT WARNING * * *
You feel sick.
Unknown command.
You feel better. Ijustatesigmund's ghost hits you!
* * * LOW HITPOINT WARNING * * *
As you read the scroll labelled FAPIURAKAI, it crumbles to dust.
You feel a strange sense of stasis.
It was a scroll of teleportation.
The gnoll sergeant is no longer moving slowly.
Ijustatesigmund's ghost hits you.
You die...

##......# #.≈≈###...............
##.....####.≈≈.8#.######'###'##.
#......#.##.≈≈.##.#...#8..#...#.
##........#.≈≈.#..'..:#⌠©.....'.
##.#.....#.≈≈.##.#...#8..#..g#.
####.#....≈≈.8#.######'###'##.
####...≈≈###gggg...g.....[.
####.#....≈≈#.Wg###.#####©###.
##.#.......≈≈#♣#g#.###.©.###.#.
##..........≈≈#####...........##
#.........#.≈≈≈≈≈≈≈≈≈≈≈≈≈≈≈≈≈≈≈≈
##..........≈≈≈≈≈≈≈≈≈≈≈≈≈≈≈≈≈≈≈≈
##...............................
#................#.........###.#.
##.............................##
#...........................#..##
#.........................###....


You could see a gnoll sergeant, Ijustatesigmund's ghost and 4 gnolls.

Vanquished Creatures
  An ice beast (D:5)
  An ogre (D:4)
  2 scorpions (D:5)
  A water moccasin skeleton (D:5)
  A howler monkey (D:4)
  2 jellies
  A hound (D:3)
  2 orc priests
  A bullfrog skeleton (D:5)
  An iguana (D:3)
  3 orc wizards (D:5)
  A hound skeleton (D:4)
  4 gnolls (D:5)
  7 adders
  An adder skeleton (D:4)
  3 worms
  11 dart slugs
  10 orcs
  7 bats
  9 endoplasms
  5 giant cockroaches
  4 goblins
  12 hobgoblins
  6 kobolds
  7 quokkas
  3 ball pythons
  4 frilled lizards
  4 rats
114 creatures vanquished.

Vanquished Creatures (others)
  An orc wizard (D:5)
  7 plants
8 creatures vanquished.

Grand Total: 122 creatures vanquished

Notes
Turn   | Place    | Note
-------+----------+-------------------------------------------
     0 | D:1      | Destapler the Demonspawn Hedge Wizard began the quest for
                  | the Orb.
     0 | D:1      | Reached XP level 1. HP: 13/13 MP: 4/4
   265 | D:1      | Reached skill level 1 in Translocations
   477 | D:1      | Gained mutation: You have a small tail. [demonic ancestry]
   477 | D:1      | Reached XP level 2. HP: 13/19 MP: 1/6
   919 | D:1      | Found a faded altar of an unknown god.
   927 | D:1      | Prayed at the altar of an unknown god.
   927 | D:1      | Became a worshipper of Dithmenos the Shadowed
   927 | D:1      | Reached * piety under Dithmenos
  1652 | D:2      | Found a bloodstained altar of Trog.
  1770 | D:2      | Gained mutation: You have a tail ending in a sharp stinger.
                  | [demonic ancestry]
  1770 | D:2      | Reached XP level 3. HP: 23/25 MP: 1/7
  1858 | D:2      | Reached skill level 1 in Fighting
  2127 | D:2      | Got the Almanac of Poison and Arcane Weapons
  2131 | D:2      | Learned a level 2 spell: Blink
  3096 | D:2      | Gained mutation: A meltable shield of frost defends you.
                  | (SH +4) [demonic ancestry]
  3096 | D:2      | Reached XP level 4. HP: 32/32 MP: 0/8
  3684 | D:3      | Learned a level 1 spell: Slow
  4266 | D:3      | Found Tyecri's Armour Emporium.
  4809 | D:3      | Reached XP level 5. HP: 37/37 MP: 9/9
  4824 | D:3      | Reached ** piety under Dithmenos
  5296 | D:4      | Found a transporter.
  5337 | D:4      | Reached skill level 1 in Short Blades
  5337 | D:4      | Reached skill level 1 in Invocations
  5747 | D:4      | Found a transporter.
  5747 | D:4      | Noticed Ijustatesigmund's ghost (novice GrFi)
  5834 | D:4      | Reached skill level 1 in Hexes
  5922 | D:5      | Entered Level 5 of the Dungeon
  5955 | D:3      | Reached skill level 1 in Armour
  6209 | D:4      | Gained mutation: You sometimes gain a little power by
                  | taking damage. [demonic ancestry]
  6209 | D:4      | Reached XP level 6. HP: 38/44 MP: 7/10
  7428 | D:5      | Gained mutation: You sometimes gain power by taking damage.
                  | [demonic ancestry]
  7428 | D:5      | Reached XP level 7. HP: 45/52 MP: 4/11
  9154 | D:4      | Gained mutation: You are agile. (Dex +2) [potion of
                  | mutation]
  9154 | D:4      | Gained mutation: You have sharp toenails. [potion of
                  | mutation]
  9154 | D:4      | Gained mutation: You expend magic power (3 MP) to
                  | strengthen your wands. [potion of mutation]
  9154 | D:4      | Gained mutation: Your system is resistant to poisons.
                  | (rPois) [potion of mutation]
  9167 | D:4      | Identified the +8 trident of Awkwardness {vamp, MP+9 Dex+4
                  | Stlth+}
  9167 | D:4      | Identified the +0 kite shield of Leapfrog {+Blink rF- rC+
                  | rN++}
  9200 | D:4      | HP: 2/78 [poisoned by a gnoll]
  9202 | D:4      | Slain by Ijustatesigmund's ghost

Illustrated notes

Levels and vault maps discovered:
D:1:      psy_arrival_radial02, layout_basic, dreamdust_ecumenical_altar_grove,
          interstate_on_off
D:2:      layout_basic, basic_altar, serial_bayou_pond_a
D:3:      minmay_diamond_boxcup, layout_basic, serial_shops, shop, minivault_27,
          kennysheep_generic_room_16
D:4:      layout_cave_pools, gammafunk_ghost_gnarly_gnolls,
          nicolae_figureground_sparkle
D:5:      kennysheep_slugbush, layout_loops_corners
D:6:      layout_loops_ring, eat_drink_and_be_merry_uskayaw,
          mainiacjoe_overflow_small_starburst, amethyst_overflow_temple_binary,
          minmay_temple_entry_junction, hellmonk_ghost_happy_afterlife

Skill      XL: |  1  2  3  4  5  6  7 |
---------------+----------------------+-----
Translocations | 1 2 |  2.6
Stealth        | 2 3 |  3.0
Dodging        | 2 3 |  3.0
Fighting       | 1 2 3 |  3.4
Summonings     | 2 |  2.0
Short Blades   | 1 2 |  2.7
Invocations    | 1 2 3 |  3.0
Hexes          | 1 2 |  2.6
Armour         | 1 2 |  2.5
Conjurations   | 2 |  2.0
Spellcasting   | |  3.0

Action                   |  1- 3 |  4- 6 |  7- 9 || total
-------------------------+-------+-------+-------++-------
Melee: Dagger            |    25 |   128 |    99 ||   252
       Short sword       |    34 |       |       ||    34
       Punch             |     1 |     2 |     3 ||     6
       Tailslap          |     3 |    21 |    13 ||    37
 Cast: Magic Dart        |   116 |   209 |    89 ||   414
       Slow              |       |    11 |    32 ||    43
       Blink             |       |     3 |     3 ||     6
Invok: Shadow Step       |       |       |     1 ||     1
Evoke: Wand              |       |       |     1 ||     1
  Use: Potion            |       |     3 |     4 ||     7
       Scroll            |       |       |     4 ||     4
 Stab: Sleeping          |       |     5 |       ||     5
       Distracted        |       |     1 |       ||     1
       Invisible         |       |       |     4 ||     4
Armor: Robe              |    23 |    66 |    17 ||   106
       Skin              |       |       |     6 ||     6
Dodge: Dodged            |    54 |   113 |    35 ||   202
Block: Other             |       |    31 |     8 ||    39
